 Dungeon Crawl Stone Soup version 0.19-a0-1899-g2d93087 (webtiles) character file.

158 Duralumin the Chopper (level 5, -5/41 HPs)
             Began as a Formicid Chaos Knight on Oct 20, 2016.
             Slain by Crazy Yiuf
             ... wielding a +2 quarterstaff of chaos
              (9 damage)
             ... on level 2 of the Dungeon.
             The game lasted 00:05:35 (1263 turns).

Duralumin the Chopper (Formicid Chaos Knight)       Turns: 1263, Time: 00:05:35

Health: -5/41      AC:  6    Str: 17    XL:     5   Next: 67%
Magic:  5/5        EV: 10    Int: 12    God:    Xom [....*.]
Gold:   102        SH:  0    Dex: 10    Spells: 0 memorised, 4 levels left

rFire  . . .     SeeInvis +     t - +1 mace (venom)
rCold  . . .     Gourm    .     o - +0 ring mail (curse)
rNeg   . . .     Faith    .     (no shield)
rPois  .         Spirit   .     (helmet unavailable)
rElec  .         Reflect  .     (no cloak)
rCorr  .         Harm     .     (no gloves)
MR     .....                    j - +0 pair of boots
Stlth  ..........               (no amulet)
                                (no ring)
                                (no ring)

@: lethally poisoned (-5 -> -7)
A: permanent stasis, dig shafts and tunnels, four strong arms, antennae 3
a: Dig, Shaft Self, Renounce Religion


You were on level 2 of the Dungeon.
You worshipped Xom.
You were a beloved toy of Xom.
You were not hungry.

You visited 1 branch of the dungeon, and saw 2 of its levels.

You collected 102 gold pieces.

Inventory:

Hand Weapons
 a - a +0 hand axe of chaos
 t - a +1 mace of venom (weapon)
Missiles
 s - 7 curare-tipped needles
Armour
 b - a +2 leather armour
 j - a +0 pair of boots (worn)
 o - a cursed +0 ring mail (worn)
Wands
 l - a wand of random effects (9/48)
Scrolls
 e - a scroll of fear {unknown}
 f - a scroll of remove curse
 h - a scroll of teleportation {unknown}
 i - a scroll of magic mapping {unknown}
 p - 2 scrolls of identify {unknown}
Potions
 d - 2 potions of haste {unknown}
 g - a potion of curing {unknown}
 m - a potion of degeneration {unknown}
 n - a potion of might {unknown}
 q - a potion of lignification {unknown}
Miscellaneous
 r - a fan of gales
Comestibles
 c - a bread ration
 k - 2 meat rations


   Skills:
 - Level 3.2 Fighting
 + Level 5.9 Axes
 - Level 2.1 Armour
 - Level 0.8 Dodging
 + Level 0.0 Evocations


You had 4 spell levels left.
You didn't know any spells.

Dungeon Overview and Level Annotations

Branches:
Dungeon (2/15)

Altars:
Hepliaklqana

Annotations:
D:2 Crazy Yiuf


Innate Abilities, Weirdness & Mutations

You are under a permanent stasis effect.
You can dig through walls and to a lower floor.
Your four strong arms can wield two-handed weapons with a shield.
You have a pair of large antennae on your head. (SInv)


Message History

You are poisoned.
You hit Crazy Yiuf but do no damage.
Crazy Yiuf is moderately wounded.
You feel sick.
Crazy Yiuf hits you with a quarterstaff of chaos.
You hit Crazy Yiuf.
Crazy Yiuf is heavily wounded.
You feel sick.
You barely miss Crazy Yiuf.
Crazy Yiuf is heavily wounded.
You feel sick. Crazy Yiuf barely misses you.
You hit Crazy Yiuf.
Crazy Yiuf is poisoned.
Crazy Yiuf is severely wounded.
Crazy Yiuf hits you with a quarterstaff of chaos!
* * * LOW HITPOINT WARNING * * *
Crazy Yiuf freezes you.
* * * LOW HITPOINT WARNING * * *
You feel sick.
Crazy Yiuf hits you with a quarterstaff of chaos!
You die...

.....................##
#........#......##.###
.............##..#.#
#.....##############
......# ......##♣♣♣♣♣
.......'..♣.♣♣♣#####
...........♣..♣#...#
.##......♣♣♣♣♣.'a..#
.##....'.♣ ♣♣#.g.# #####
..#...##♣♣ ##### #..(#
#.....# #...# .##...#
#...# .##.#.###
############...#
....#...###..............#
.#..#..........#####.....#
.#......####..##.....^...#


You could see Crazy Yiuf (invisible).

Vanquished Creatures
  Natasha (thrice) (D:2)
  Ijyb (D:2)
  An adder (D:2)
  A worm (D:2)
  A leopard gecko (D:2)
  2 ball pythons
  3 giant cockroaches
  9 goblins
  2 hobgoblins
  4 jackals
  8 kobolds
  5 bats (D:2)
  2 frilled lizards (D:1)
  6 rats
48 creatures vanquished.

Vanquished Creatures (collateral kills)
  A frilled lizard (D:2)
1 creature vanquished.

Grand Total: 49 creatures vanquished

Notes
Turn   | Place    | Note
-------+----------+-------------------------------------------
     0 | D:1      | Duralumin the Formicid Chaos Knight began the quest for the Orb.
     0 | D:1      | Reached XP level 1. HP: 18/18 MP: 1/1
    98 | D:1      | Reached XP level 2. HP: 22/24 MP: 2/2
   461 | D:1      | Reached skill level 4 in Axes
   461 | D:1      | Reached XP level 3. HP: 29/29 MP: 3/3
   596 | D:1      | XOM: harmless Fire miscast
   601 | D:2      | Noticed Ijyb
   601 | D:2      | Noticed Natasha
   604 | D:2      | XOM: potion effect (might)
   605 | D:2      | XOM: potion effect (heal wounds)
   609 | D:2      | Killed Ijyb
   609 | D:2      | Reached XP level 4. HP: 26/35 MP: 4/4
   611 | D:2      | Killed Natasha
   611 | D:2      | Reached skill level 5 in Axes
   655 | D:2      | Reached XP level 5. HP: 28/41 MP: 5/5
   673 | D:2      | Noticed Natasha
   681 | D:2      | Killed Natasha
   740 | D:1      | XOM: silly message
   907 | D:2      | Found a faded altar of an unknown god.
   915 | D:2      | XOM: harmless Tmut miscast
   925 | D:2      | XOM: silly message
   970 | D:2      | Noticed Natasha
   971 | D:2      | XOM: noise
   978 | D:2      | Killed Natasha
  1015 | D:2      | XOM: polymorph jackal -> kobold
  1082 | D:2      | Found a hazy altar of Hepliaklqana.
  1146 | D:2      | XOM: god gift: fan of gales
  1239 | D:2      | Found a runed door.
  1243 | D:2      | Noticed Crazy Yiuf
  1263 | D:2      | Slain by Crazy Yiuf

Vault maps used:
D:1:      ncdulo_halloftheorcs
D:2:      nicolae_overflow_crystal_walls, ecumenical_altar_2, uniq_iyjb,
          uniq_natasha, uniq_crazy_yiuf_cottage

Skill      XL: |  1  2  3  4 |
---------------+-------------+-----
Axes           | 4 5 |  5.9
Fighting       | |  3.2
Armour         | |  2.1
Dodging        | |  0.8

Action                   |  1- 3 |  4- 6 || total
-------------------------+-------+-------++-------
Melee: Hand axe          |    82 |    44 ||   126
       Mace              |       |     7 ||     7
Evoke: Wand              |       |     3 ||     3
  Use: Scroll            |     1 |       ||     1
 Stab: Paralysed         |     1 |       ||     1
       Petrified         |     2 |       ||     2
  Eat: Chunk             |       |     1 ||     1
Armor: Leather armour    |    31 |    26 ||    57
Dodge: Dodged            |    44 |    33 ||    77
